| TOP OF THE 1ST |
|
UCLA Bruins batting - Pitching for University of Toronto Marlies : RHP Pete Vernon
|
|
Pitching: RHP Pete Vernon
|
|
|
Batting: LHB Mark Cummings
|
0-0: Ball 1-0: Fly out, F7 (Line Drive, 7, EV 92.5 MPH)
|
|
Batting: RHB Ken Hillman
|
0-0: Ball 1-0: Foul Ball, location: 2F 1-1: Ball 2-1: Ground out U3 (Groundball, 34, EV 82.5 MPH)
|
|
Batting: RHB Andy Knerr
|
0-0: Ball 1-0: Fly out, F2 (Popup, 3SF, EV 88.1 MPH)
|
| Top of the 1st over - 0 runs, 0 hits, 0 errors, 0 left on base; UCLA 0 - University of Toronto 0 |
| BOTTOM OF THE 1ST |
|
University of Toronto Marlies batting - Pitching for UCLA Bruins : RHP Cyrano Papadoupolos
|
|
Pitching: RHP Cyrano Papadoupolos
|
|
|
Batting: LHB Efrem Isaev
|
0-0: Ball 1-0: Foul Ball, location: 2F 1-1: Fly out, F9 (Line Drive, 89M, EV 91.9 MPH)
|
|
Batting: RHB Logan Johnson
|
0-0: Called Strike 0-1: Called Strike 0-2: Ball 1-2: Strikes out looking
|
|
Batting: SHB Jack Tierney
|
0-0: Called Strike 0-1: Foul Ball, location: 2F 0-2: Fly out, F9 (Line Drive, 9S, EV 96.9 MPH)
|
| Bottom of the 1st over - 0 runs, 0 hits, 0 errors, 0 left on base; UCLA 0 - University of Toronto 0 |
| TOP OF THE 2ND |
|
UCLA Bruins batting - Pitching for University of Toronto Marlies : RHP Pete Vernon
|
|
Batting: RHB Corey Bradley
|
0-0: Called Strike 0-1: Ground out 5-3 (Groundball, 56, EV 101.2 MPH)
|
|
Batting: SHB Sean Munns
|
0-0: Called Strike 0-1: Ball 1-1: Ground out U3 (Groundball, 3L, EV 104.4 MPH)
|
|
Batting: RHB Issac Konol
|
0-0: Ball 1-0: Called Strike 1-1: Ball 2-1: Fly out, F5 (Line Drive, 56, EV 75.0 MPH)
|
| Top of the 2nd over - 0 runs, 0 hits, 0 errors, 0 left on base; UCLA 0 - University of Toronto 0 |
| BOTTOM OF THE 2ND |
|
University of Toronto Marlies batting - Pitching for UCLA Bruins : RHP Cyrano Papadoupolos
|
|
Batting: RHB Akichika Yamano
|
0-0: Ground out 1-3 (Groundball, 15S, EV 68.8 MPH)
|
|
Batting: SHB Shannon Britten
|
0-0: Called Strike 0-1: SINGLE (Line Drive, 9LS, EV 90.0 MPH)
|
|
Batting: RHB Elmar Adenauer
|
0-0: Swinging Strike 0-1: Foul Ball, location: 2F 0-2: Reached on error, E6 (Groundball, 6, EV 81.9 MPH) Shannon Britten to second
|
|
Batting: SHB Jose Melendez
|
0-0: Swinging Strike 0-1: Swinging Strike 0-2: Ball 1-2: Foul Ball, location: 2F 1-2: Fly out, F4 (Line Drive, 4M, EV 70.6 MPH)
|
|
Batting: RHB Jeff McClellan
|
0-0: Ball 1-0: Ball 2-0: SINGLE (Line Drive, 78S, EV 94.4 MPH) Shannon Britten to third Elmar Adenauer to second Runner from 3rd tries for Home, SAFE, throw by LF to home
|
|
Batting: RHB Charlie Townend
|
0-0: Called Strike 0-1: Ground out 5-3 (Groundball, 56S, EV 66.9 MPH)
|
| Bottom of the 2nd over - 1 run, 2 hits, 1 error, 2 left on base; UCLA 0 - University of Toronto 1 |
| TOP OF THE 3RD |
|
UCLA Bruins batting - Pitching for University of Toronto Marlies : RHP Pete Vernon
|
|
Batting: LHB Scott Mullett
|
0-0: Called Strike 0-1: Ball 1-1: Ground out 6-3 (Groundball, 6, EV 88.8 MPH)
|
|
Batting: RHB Michael Alvarado
|
0-0: Called Strike 0-1: Called Strike 0-2: Foul Ball, location: 2F 0-2: DOUBLE (Line Drive, 5D, EV 101.2 MPH)
|
|
Batting: RHB Ivan Murillo
|
0-0: SINGLE (Flyball, 34D, EV 93.8 MPH) Michael Alvarado to third
|
|
Batting: LHB Mark Cummings
|
0-0: Swinging Strike 0-1: Ball 1-1: Fly out, F8 (Line Drive, 8LD, EV 103.1 MPH) Runner from 3rd tags up, SCORES, throw by CF
|
|
Batting: RHB Ken Hillman
|
0-0: Called Strike 0-1: Foul Ball, location: 2F 0-2: Ball 1-2: Ball 2-2: Foul Ball, location: 2F 2-2: Ball 3-2: Base on Balls Ivan Murillo to second
|
|
Batting: RHB Andy Knerr
|
0-0: Called Strike 0-1: Fielders Choice at 2nd, 5-4 (Groundball, 56, EV 88.1 MPH)
|
| Top of the 3rd over - 1 run, 2 hits, 0 errors, 2 left on base; UCLA 1 - University of Toronto 1 |
| BOTTOM OF THE 3RD |
|
University of Toronto Marlies batting - Pitching for UCLA Bruins : RHP Cyrano Papadoupolos
|
|
Batting: LHB Efrem Isaev
|
0-0: Ball 1-0: Foul Ball, location: 2F 1-1: Ball 2-1: Foul Ball, location: 2F 2-2: Foul Ball, location: 2F 2-2: Fly out, F7 (Flyball, 7LM, EV 80.6 MPH)
|
|
Batting: RHB Logan Johnson
|
0-0: Foul Ball, location: 2F 0-1: Ball 1-1: Fly out, F7 (Flyball, 78M, EV 83.8 MPH)
|
|
Batting: SHB Jack Tierney
|
0-0: Ball 1-0: Ball 2-0: Foul Ball, location: 2F 2-1: Swinging Strike 2-2: Ball 3-2: Ground out 4-3 (Groundball, 4, EV 86.2 MPH)
|
| Bottom of the 3rd over - 0 runs, 0 hits, 0 errors, 0 left on base; UCLA 1 - University of Toronto 1 |
| TOP OF THE 4TH |
|
UCLA Bruins batting - Pitching for University of Toronto Marlies : RHP Pete Vernon
|
|
Batting: RHB Corey Bradley
|
0-0: Foul Ball, location: 2F 0-1: Foul Ball, location: 2F 0-2: Ground out 4-3 (Groundball, 34, EV 85.0 MPH)
|
|
Batting: SHB Sean Munns
|
0-0: Ball 1-0: Foul Ball, location: 2F 1-1: Fly out, F8 (Flyball, 8LD, EV 103.8 MPH)
|
|
Batting: RHB Issac Konol
|
0-0: Ball 1-0: Swinging Strike 1-1: Ball 2-1: Ground out 5-3 (Groundball, 56S, EV 80.0 MPH)
|
| Top of the 4th over - 0 runs, 0 hits, 0 errors, 0 left on base; UCLA 1 - University of Toronto 1 |
| BOTTOM OF THE 4TH |
|
University of Toronto Marlies batting - Pitching for UCLA Bruins : RHP Cyrano Papadoupolos
|
|
Batting: RHB Akichika Yamano
|
0-0: Ball 1-0: Called Strike 1-1: Called Strike 1-2: DOUBLE (Flyball, 89D, EV 106.9 MPH)
|
|
Batting: SHB Shannon Britten
|
0-0: Ball 1-0: Called Strike 1-1: Called Strike 1-2: Ball 2-2: Ball 3-2: Strikes out swinging
|
|
Batting: RHB Elmar Adenauer
|
0-0: Reached via error on a dropped throw from 3B, E3 (Groundball, 56, EV 90.0 MPH) Akichika Yamano to third
|
|
Batting: SHB Jose Melendez
|
0-0: Called Strike 0-1: Foul Ball, location: 2F 0-2: Ball 1-2: Ball 2-2: Ball 3-2: Foul Ball, location: 2F 3-2: Strikes out swinging
|
|
Batting: RHB Jeff McClellan
|
0-0: Foul Ball, location: 2F 0-1: Ball 1-1: SINGLE (Groundball, 4MD, EV 97.5 MPH) Akichika Yamano scores Elmar Adenauer to second
|
|
Batting: RHB Charlie Townend
|
0-0: Ball 1-0: SINGLE (Line Drive, 4MD, EV 97.5 MPH) Elmar Adenauer to third Jeff McClellan to second
|
|
Batting: LHB Efrem Isaev
|
0-0: Ball 1-0: Ball Wild Pitch! Elmar Adenauer scores Jeff McClellan to third Charlie Townend to second 2-0: Fly out, F8 (Flyball, 78M, EV 96.9 MPH)
|
| Bottom of the 4th over - 2 runs, 3 hits, 1 error, 2 left on base; UCLA 1 - University of Toronto 3 |
| TOP OF THE 5TH |
|
UCLA Bruins batting - Pitching for University of Toronto Marlies : RHP Pete Vernon
|
|
Batting: LHB Scott Mullett
|
0-0: Fly out, F9 (Flyball, 9LM, EV 104.4 MPH)
|
|
Batting: RHB Michael Alvarado
|
0-0: Ball 1-0: Called Strike 1-1: Ball 2-1: Fly out, F7 (Flyball, 7D, EV 88.8 MPH)
|
|
Batting: RHB Ivan Murillo
|
0-0: Fly out, F7 (Flyball, 7, EV 92.5 MPH)
|
| Top of the 5th over - 0 runs, 0 hits, 0 errors, 0 left on base; UCLA 1 - University of Toronto 3 |
| BOTTOM OF THE 5TH |
|
University of Toronto Marlies batting - Pitching for UCLA Bruins : RHP Cyrano Papadoupolos
|
|
Batting: RHB Logan Johnson
|
0-0: Called Strike 0-1: Foul Ball, location: 2F 0-2: Ball 1-2: Fly out, F8 (Flyball, 89D, EV 89.4 MPH)
|
|
Batting: SHB Jack Tierney
|
0-0: Ball 1-0: Ground out U3 (Groundball, 3, EV 101.9 MPH)
|
|
Batting: RHB Akichika Yamano
|
0-0: Ball 1-0: Foul Ball, location: 2F 1-1: Ground out 6-3 (Groundball, 6, EV 86.9 MPH)
|
| Bottom of the 5th over - 0 runs, 0 hits, 0 errors, 0 left on base; UCLA 1 - University of Toronto 3 |
| TOP OF THE 6TH |
|
UCLA Bruins batting - Pitching for University of Toronto Marlies : RHP Pete Vernon
|
|
Batting: LHB Mark Cummings
|
0-0: Ball 1-0: Ground out 6-3 (Groundball, 6, EV 105.6 MPH)
|
|
Batting: RHB Ken Hillman
|
0-0: Ball 1-0: Ball 2-0: Called Strike 2-1: Ball 3-1: Base on Balls
|
|
Batting: RHB Andy Knerr
|
0-0: Ball 1-0: Ball Ken Hillman steals 2nd base (no throw) 2-0: Foul Ball, location: 2F 2-1: Foul Ball, location: 2F 2-2: Ball 3-2: Ground out 5-3 (Groundball, 56, EV 107.5 MPH)
|
|
Batting: RHB Corey Bradley
|
0-0: SINGLE (Line Drive, 4M, EV 106.2 MPH) Ken Hillman to third Runner from 3rd tries for Home, SAFE, throw by CF to home Corey Bradley to second
|
|
Batting: SHB Sean Munns
|
0-0: Called Strike 0-1: Ball Wild Pitch! Corey Bradley to third 1-1: Ground out 4-3 (Groundball, 4, EV 98.1 MPH)
|
| Top of the 6th over - 1 run, 1 hit, 0 errors, 1 left on base; UCLA 2 - University of Toronto 3 |
| BOTTOM OF THE 6TH |
|
University of Toronto Marlies batting - Pitching for UCLA Bruins : RHP Cyrano Papadoupolos
|
|
Batting: SHB Shannon Britten
|
0-0: Ball 1-0: Foul Ball, location: 2F 1-1: Swinging Strike 1-2: Strikes out looking
|
|
Pitching: RHP Quincy Bowen
|
|
|
Batting: RHB Elmar Adenauer
|
0-0: Ball 1-0: Ball 2-0: Called Strike 2-1: Foul Ball, location: 2F 2-2: Foul Ball, location: 2F 2-2: Foul Ball, location: 2F 2-2: Hit by Pitch
|
|
Batting: SHB Jose Melendez
|
0-0: Called Strike 0-1: Ball 1-1: Foul Ball, location: 2F 1-2: Ball 2-2: Ball 3-2: Foul Ball, location: 2F 3-2: Foul Ball, location: 2F 3-2: Strikes out swinging
|
|
Pitching: RHP Luis de Jesus
|
|
|
Batting: RHB Jeff McClellan
|
0-0: Foul Ball, location: 2F 0-1: Called Strike 0-2: Ball 1-2: Ground out 4-3 (Groundball, 34, EV 87.5 MPH)
|
| Bottom of the 6th over - 0 runs, 0 hits, 0 errors, 1 left on base; UCLA 2 - University of Toronto 3 |
| TOP OF THE 7TH |
|
UCLA Bruins batting - Pitching for University of Toronto Marlies : RHP Pete Vernon
|
|
Batting: RHB Issac Konol
|
0-0: Ball 1-0: Foul Ball, location: 2F 1-1: Ground out 6-3 (Groundball, 6, EV 107.5 MPH)
|
|
Batting: LHB Scott Mullett
|
0-0: Ball 1-0: Foul Ball, location: 2F 1-1: Foul Ball, location: 2F 1-2: Ball 2-2: Ball 3-2: Base on Balls
|
|
Batting: RHB Michael Alvarado
|
0-0: Ball 1-0: Called Strike 1-1: Foul Ball, location: 2F 1-2: Foul Ball, location: 2F 1-2: Fielders Choice at 2nd, 6-4 (Groundball, 6, EV 91.2 MPH)
|
|
Pinch Hitting: RHB Dave Spradley
|
0-0: Ball 1-0: Foul Ball, location: 2F 1-1: Ball 2-1: Fly out, F8 (Flyball, 78D, EV 102.5 MPH)
|
| Top of the 7th over - 0 runs, 0 hits, 0 errors, 1 left on base; UCLA 2 - University of Toronto 3 |
| BOTTOM OF THE 7TH |
|
University of Toronto Marlies batting - Pitching for UCLA Bruins : RHP Luis de Jesus
|
|
Now at SS: Mike Beck
|
|
|
Batting: RHB Charlie Townend
|
0-0: Ball 1-0: Ball 2-0: Ball 3-0: Called Strike 3-1: Base on Balls
|
|
Batting: LHB Efrem Isaev
|
0-0: Swinging Strike 0-1: Ball 1-1: Fly out, F8 (Flyball, 8LM, EV 86.2 MPH)
|
|
Batting: RHB Logan Johnson
|
0-0: Ball 1-0: Swinging Strike 1-1: Ball Charlie Townend steals 2nd base 2-1: Ball 3-1: Foul Ball, location: 2F 3-2: SINGLE (Line Drive, 89S, EV 100.0 MPH) Charlie Townend to third Runner from 3rd tries for Home, SAFE, throw by CF to home
|
|
Batting: SHB Jack Tierney
|
0-0: Swinging Strike 0-1: Ball 1-1: Ball Logan Johnson steals 2nd, throwing error, E2 Logan Johnson to third 2-1: Ball 3-1: Base on Balls
|
|
Pitching: RHP Alex Rosales
|
|
|
Batting: RHB Akichika Yamano
|
0-0: Ball 1-0: Ball Jack Tierney steals 2nd base 2-0: Ball 3-0: Called Strike 3-1: Ground out 5-3 (Groundball, 25, EV 71.2 MPH)
|
|
Batting: SHB Shannon Britten
|
0-0: Ball 1-0: Ball 2-0: Ball 3-0: Called Strike 3-1: Called Strike 3-2: Foul Ball, location: 2F 3-2: Foul Ball, location: 2F 3-2: Base on Balls
|
|
Batting: RHB Elmar Adenauer
|
0-0: Called Strike 0-1: Ball 1-1: Ball 2-1: Ball 3-1: Swinging Strike 3-2: Base on Balls Logan Johnson scores Jack Tierney to third Shannon Britten to second
|
|
Batting: SHB Jose Melendez
|
0-0: Ball 1-0: Called Strike 1-1: Ball Wild Pitch! Jack Tierney scores Shannon Britten to third Elmar Adenauer to second 2-1: Ball 3-1: Swinging Strike 3-2: Strikes out swinging
|
| Bottom of the 7th over - 3 runs, 1 hit, 1 error, 2 left on base; UCLA 2 - University of Toronto 6 |
| TOP OF THE 8TH |
|
UCLA Bruins batting - Pitching for University of Toronto Marlies : RHP Pete Vernon
|
|
Pitching: RHP Mike McDonald
|
|
|
Batting: LHB Mark Cummings
|
0-0: Ball 1-0: Called Strike 1-1: Foul Ball, location: 2F 1-2: Ground out 6-3 (Groundball, 6, EV 88.1 MPH)
|
|
Batting: RHB Ken Hillman
|
0-0: Ball 1-0: Called Strike 1-1: Ball 2-1: Foul Ball, location: 2F 2-2: Ball 3-2: Ground out U3 (Groundball, 3, EV 82.5 MPH)
|
|
Batting: RHB Andy Knerr
|
0-0: Swinging Strike 0-1: Ball 1-1: Ball 2-1: Foul Ball, location: 2F 2-2: Ball 3-2: Strikes out swinging
|
| Top of the 8th over - 0 runs, 0 hits, 0 errors, 0 left on base; UCLA 2 - University of Toronto 6 |
| BOTTOM OF THE 8TH |
|
University of Toronto Marlies batting - Pitching for UCLA Bruins : RHP Alex Rosales
|
|
Pitching: RHP Mark Crawford
|
|
|
Batting: RHB Jeff McClellan
|
0-0: Ball 1-0: Ball 2-0: Ball 3-0: Base on Balls
|
|
Batting: RHB Charlie Townend
|
0-0: Ball 1-0: Ball 2-0: Called Strike 2-1: Foul Ball, location: 2F 2-2: Ball 3-2: Foul Ball, location: 2F 3-2: Foul Ball, location: 2F 3-2: Foul Ball, location: 2F 3-2: Ground out 1-3 (Groundball, 15S, EV 66.9 MPH) Jeff McClellan to second
|
|
Batting: LHB Efrem Isaev
|
0-0: Called Strike 0-1: Foul Ball, location: 2F 0-2: Ball 1-2: Ball 2-2: SINGLE (Flyball, 7LS, EV 88.1 MPH) Jeff McClellan to third Runner from 3rd tries for Home, SAFE, throw by LF to home
|
|
Pitching: RHP Jan Marvel
|
|
|
Batting: RHB Logan Johnson
|
0-0: Called Strike 0-1: Ball 1-1: Ball 2-1: Ball 3-1: Base on Balls Efrem Isaev to second
|
|
Batting: SHB Jack Tierney
|
0-0: Ball 1-0: Foul Ball, location: 2F 1-1: Ball 2-1: Ball 3-1: Fly out, F7 (Flyball, 7, EV 85.0 MPH)
|
|
Batting: RHB Akichika Yamano
|
0-0: Ball 1-0: Called Strike 1-1: Swinging Strike 1-2: Foul Ball, location: 2F 1-2: Fly out, F3 (Popup, 3SF, EV 80.6 MPH)
|
| Bottom of the 8th over - 1 run, 1 hit, 0 errors, 2 left on base; UCLA 2 - University of Toronto 7 |
| TOP OF THE 9TH |
|
UCLA Bruins batting - Pitching for University of Toronto Marlies : RHP Mike McDonald
|
|
Batting: RHB Corey Bradley
|
0-0: Ball 1-0: Called Strike 1-1: Swinging Strike 1-2: Fly out, F7 (Flyball, 7, EV 88.1 MPH)
|
|
Batting: SHB Sean Munns
|
0-0: Ball 1-0: Foul Ball, location: 2F 1-1: Hit by Pitch
|
|
Batting: RHB Issac Konol
|
0-0: Ball 1-0: Grounds into double play, 5-4-3 (Groundball, 56, EV 100.6 MPH)
|
| Top of the 9th over - 0 runs, 0 hits, 0 errors, 0 left on base; UCLA 2 - University of Toronto 7 |
|